Map: Nightshade LE

Players

Serral - Winner!

  • Race: Zerg Zerg
  • Spawn Location: 11:00

sOs

  • Race: Protoss Protoss
  • Spawn Location: 5:00

Event: IEM Katowice 2020

VOD

Have the link to the VOD?

Description

Time

  • Played on: Feb. 28, 2020, 10:49 a.m.
  • Length: 16:22

All games in this series

Show
View Real Time Build Order
Export as new Build Order

Serral Zerg - Winner!

Build Orders: Hatch First 

Get SALT Encoding   

  12  0:00  Drone  
  13  0:13  Overlord  
  13  0:17  Drone  
  14  0:31  Drone x2  
  16  0:48  Hatchery  
  15  0:52  Drone  
  15  0:55  Drone  
  17  0:59  Drone  
  18  1:09  Extractor  
  17  1:14  Spawning Pool  
  17  1:16  Drone  
  17  1:20  Drone  
  18  1:28  Drone  
  19  1:40  Drone  
  20  1:52  Overlord  
  20  2:01  Queen x2  
  20  2:02  Zergling x4  
  26  2:12  Metabolic Boost  
  26  2:13  Drone x2  
  28  2:22  Drone x2  
  30  2:41  Drone  
  31  2:48  Queen  
  31  2:49  Hatchery  
  31  2:52  Spore Crawler  
  31  2:54  Spore Crawler  
  29  2:59  Drone, Overlord  
  29  3:00  Drone  
  29  3:01  Drone  
  29  3:04  Drone  
  34  3:14  Drone  
  34  3:18  Drone  
  34  3:19  Zergling x4  
  38  3:20  Overlord  
  38  3:21  Drone  
  38  3:24  Drone x2  
  41  3:29  Overlord  
  41  3:39  Drone x2  
  41  3:41  Roach Warren  
  42  3:42  Drone  
  42  3:47  Overlord  
  43  3:50  Zergling x2  
  43  3:51  Zergling x4  
  46  3:56  Zergling x8  
  50  4:06  Extractor  
  50  4:07  Zergling x4  
  50  4:09  Queen  
  53  4:12  Queen  
  55  4:21  Roach x3  
  60  4:27  Roach x3  
  62  4:34  Lair  
  62  4:39  Drone x4  
  62  4:44  Overlord  
  65  4:51  Overlord  
  65  4:52  Overlord  
  65  5:04  Roach x4  
  73  5:11  Roach x3  
  77  5:22  Roach x3  
  77  5:25  Drone  
  84  5:35  Drone x5  
  87  5:37  Extractor  
  84  5:44  Drone  
  84  5:46  Zergling x6, Roach x2  
  88  5:50  Overlord  
  88  5:52  Glial Reconstitution  
  88  5:55  Overlord x2  
  86  6:08  Overlord  
  86  6:11  Roach x2  
  90  6:12  Overlord  
  90  6:15  Extractor  
  90  6:16  Drone x3  
  92  6:19  Overseer  
  92  6:24  Roach x5  
  101  6:35  Drone x6  
  101  6:38  Drone  
  107  6:45  Drone x2  
  108  6:52  Spire, Extractor  
  106  6:58  Drone x3  
  106  6:59  Evolution Chamber  
  106  7:00  Extractor  
  107  7:02  Overlord  
  107  7:04  Drone  
  108  7:10  Drone x3  
  108  7:13  Overlord  
  110  7:18  Roach x2  
  110  7:19  Roach x2  
  110  7:22  Drone x2  
  120  7:23  Drone  
  120  7:24  Overseer  
  120  7:28  Overseer x2  
  115  7:33  Drone  
  112  7:44  Drone  
  113  7:53  Baneling Nest  
  113  7:54  Drone x2  
  113  7:58  Zergling x12  
  121  8:05  Zergling x2  
  121  8:06  Zergling x8  
  121  8:09  Zerg Melee Weapons Level 1  
  118  8:14  Drone  
  118  8:15  Drone x4  
  118  8:16  Drone  
  124  8:24  Drone  
  125  8:30  Overlord  
  125  8:36  Overseer  
  125  8:37  Centrifical Hooks  
  125  8:45  Drone x3  
  125  8:46  Drone  
  125  8:47  Zergling x2  
  125  8:48  Zergling x2, Overlord x3  
  128  8:49  Ravager x10  
  128  8:52  Roach  
  128  8:53  Zergling x2, Roach  
  143  8:58  Overlord  
  143  8:59  Overlord  
  143  9:06  Roach x4  
  149  9:15  Overlord x2  
  143  9:23  Zergling x12, Roach x3  
  155  9:27  Ravager x2  
  155  9:28  Ravager  
  155  9:29  Baneling x6  
  158  9:34  Zergling x10  
  163  9:43  Hatchery  
  162  9:48  Zergling x10  
  162  9:52  Overlord  
  167  9:57  Zergling x12  
  173  10:08  Baneling  
  173  10:09  Baneling x18  
  173  10:10  Overseer  
  173  10:16  Zergling x10  
  177  10:25  Zergling x12  
  182  10:31  Baneling  
  182  10:32  Baneling x4  
  178  10:39  Zergling x16  
  182  10:48  Zergling x2  
  182  10:49  Zergling x6  
  157  10:57  Zergling x14  
  152  11:05  Zergling x6  
  142  11:13  Drone  
  142  11:17  Zerg Melee Weapons Level 2  
  138  11:18  Zergling x2, Roach x2  
  138  11:19  Zergling x8, Roach  
  138  11:21  Hatchery  
  143  11:30  Zergling x8, Roach x2  
  143  11:32  Ravager x3  
  153  11:37  Baneling x9  
  153  11:40  Overseer  
  153  11:46  Zergling x12  
  157  11:56  Baneling  
  157  11:57  Baneling x2  
  157  11:59  Baneling x3  
  153  12:08  Zergling x8  
  153  12:09  Zergling x12  
  153  12:14  Overseer  
  163  12:21  Baneling x14  
  163  12:23  Zergling x2  
  163  12:24  Zergling x2  
  163  12:26  Overseer  
  162  12:37  Zergling x16  
  161  12:48  Drone x5  
  165  12:53  Zergling x14  
  171  13:01  Drone x3  
  168  13:07  Zergling x10  
  168  13:11  Drone x2  
  173  13:17  Zergling x2  
  173  13:18  Zergling x6  
  174  13:26  Zergling x4  
  174  13:28  Spine Crawler  
  174  13:34  Drone, Zerg Missile Weapons Level 1  
  171  13:43  Baneling  
  171  13:44  Baneling x5  
  171  13:45  Zergling x20  
  169  13:52  Zergling x14  
  174  13:59  Baneling x8  
  174  14:00  Baneling x4  
  174  14:07  Zergling x12  
  178  14:11  Baneling x7  
  178  14:15  Overlord  
  177  14:24  Zergling x18  
  177  14:28  Baneling x7  
  179  14:35  Zergling x12  
  182  14:38  Baneling x2  
  182  14:39  Baneling x4  
  182  14:45  Zergling x12  
  179  14:54  Pneumatized Carapace  
  172  15:03  Zergling x2  
  172  15:04  Zergling x24  
  174  15:10  Baneling x8  
  174  15:14  Zergling x10  
  162  15:20  Zergling x8  
  146  15:29  Baneling x6  
  146  15:30  Baneling x7  
  133  15:37  Zergling x10  
  133  15:38  Zergling x4  
  133  15:42  Zergling x8  
  134  15:45  Zergling x2  
  124  15:51  Zergling x8  
  124  15:55  Zergling x6  
  120  16:04  Zergling x2  
  120  16:05  Zergling x10  
Show
View Real Time Build Order
Export as new Build Order

sOs Protoss 

Build Orders: 1 Gate Expand, Mass Adepts 

Get SALT Encoding   

  12  0:00  Probe  
  13  0:12  Probe  
  14  0:18  Pylon  
  14  0:24  Probe  
  15  0:36  Probe (Chrono Boost)  
  15  0:39  Gateway  
  16  0:46  Probe (Chrono Boost), Assimilator  
  17  0:51  Probe (Chrono Boost)  
  18  1:03  Probe  
  19  1:15  Probe  
  20  1:27  Cybernetics Core  
  20  1:32  Nexus  
  20  1:36  Probe  
  21  1:42  Pylon  
  21  1:48  Probe  
  21  1:51  Assimilator  
  22  2:00  Probe  
  23  2:01  Adept (Chrono Boost)  
  23  2:02  Warp Gate (Chrono Boost)  
  25  2:12  Probe  
  26  2:24  Probe, Adept  
  29  2:30  Pylon  
  29  2:36  Probe  
  30  2:37  Pylon  
  30  2:47  Gateway  
  30  2:48  Gateway  
  29  2:51  Probe (Chrono Boost)  
  29  2:54  Probe (Chrono Boost)  
  29  2:56  Stalker  
  33  3:03  Probe (Chrono Boost)  
  35  3:08  Probe (Chrono Boost)  
  35  3:09  Probe (Chrono Boost)  
  36  3:16  Probe  
  36  3:18  Probe  
  36  3:19  Twilight Council  
  38  3:25  Pylon  
  38  3:28  Probe  
  38  3:30  Probe  
  40  3:40  Probe  
  41  3:42  Probe  
  41  3:44  Adept x3  
  48  3:49  Resonating Glaives (Chrono Boost)  
  48  3:52  Probe  
  48  3:53  Pylon  
  48  3:54  Probe  
  50  4:10  Adept x2  
  50  4:13  Adept  
  50  4:15  Robotics Facility  
  50  4:16  Probe, Pylon  
  57  4:27  Pylon  
  57  4:28  Probe x2  
  55  4:34  Adept x3  
  55  4:37  Assimilator  
  61  4:39  Assimilator  
  61  4:40  Probe  
  60  4:49  Probe  
  60  4:50  Pylon  
  62  4:52  Probe  
  62  4:54  Adept x2  
  62  4:55  Adept  
  68  5:07  Pylon, Warp Prism  
  70  5:15  Adept x2  
  70  5:20  Adept  
  76  5:25  Dark Shrine  
  76  5:26  Probe x2  
  72  5:48  Probe  
  72  5:49  Probe  
  74  5:53  Immortal (Chrono Boost)  
  78  5:58  Sentry  
  78  5:59  Sentry x2  
  78  6:03  Probe  
  81  6:15  Gateway  
  81  6:16  Nexus  
  81  6:17  Gateway  
  81  6:19  Gateway  
  81  6:21  Gateway  
  81  6:25  Immortal (Chrono Boost)  
  85  6:38  Probe x2  
  85  6:39  Dark Templar x2  
  88  6:40  Blink (Chrono Boost)  
  80  6:50  Gateway  
  80  6:54  Probe x2  
  82  7:02  Immortal (Chrono Boost)  
  82  7:03  Forge  
  86  7:12  Stalker x3  
  92  7:18  Stalker  
  94  7:26  Probe x2  
  94  7:34  Immortal (Chrono Boost)  
  94  7:36  Probe  
  99  7:37  Protoss Ground Weapons Level 1 (Chrono Boost)  
  99  7:38  Probe  
  96  7:49  Probe  
  97  7:51  Pylon  
  97  7:53  Stalker x4  
  97  7:57  Phoenix  
  97  7:58  Sentry x2  
  109  8:02  Probe  
  106  8:11  Photon Cannon  
  106  8:14  Probe  
  106  8:17  Photon Cannon  
  107  8:21  Photon Cannon  
  107  8:23  Warp Prism (Chrono Boost)  
  107  8:35  Charge  
  107  8:36  Stalker x3  
  107  8:39  Stalker  
  115  8:53  Pylon  
  115  8:59  Probe  
  112  9:11  Probe  
  112  9:16  Pylon  
  117  9:18  Assimilator, Observer (Chrono Boost)  
  117  9:21  Assimilator  
  117  9:23  Templar Archives  
  114  9:24  Probe x3  
  114  9:27  Protoss Ground Weapons Level 2 (Chrono Boost), Stalker x4  
  125  9:31  Pylon  
  125  9:33  Pylon  
  125  9:36  Probe  
  126  9:45  Immortal (Chrono Boost)  
  126  9:50  Pylon  
  130  9:56  Stalker x4  
  138  10:08  Stalker x4  
  146  10:23  Immortal (Chrono Boost)  
  146  10:27  Stalker x3  
  156  10:30  Probe  
  156  10:32  Pylon  
  157  10:47  Pylon  
  157  10:49  Pylon  
  157  10:51  Pylon  
  157  10:52  Pylon  
  133  10:59  Stalker x5  
  133  11:00  Dark Templar  
  133  11:02  Probe  
  114  11:12  Immortal (Chrono Boost)  
  114  11:14  Probe  
  117  11:23  Probe x2  
  115  11:26  Probe  
  115  11:31  Sentry x4  
  115  11:32  Protoss Ground Armor Level 1 (Chrono Boost)  
  122  11:35  Photon Cannon  
  122  11:38  Sentry  
  124  11:46  Immortal (Chrono Boost)  
  128  11:55  Dark Templar  
  128  12:18  Immortal (Chrono Boost)  
  132  12:26  Adept x3  
  132  12:27  Adept  
  132  12:28  Stalker x4  
  148  12:32  Probe  
  148  12:44  Probe  
  147  12:48  Immortal (Chrono Boost)  
  151  13:05  Dark Templar  
  151  13:06  Dark Templar x3  
  151  13:08  Pylon  
  151  13:11  Archon x2, Dark Templar  
  151  13:12  Zealot  
  161  13:25  Immortal (Chrono Boost)  
  165  13:35  Stalker x3  
  165  13:39  Probe  
  170  13:51  Probe  
  172  14:02  Observer (Chrono Boost)  
  172  14:09  Nexus  
  170  14:11  High Templar x2  
  170  14:12  Zealot x4  
  170  14:16  Archon  
  182  14:19  Zealot x2  
  186  14:28  Pylon  
  181  14:34  Zealot x3  
  185  14:41  Zealot x2  
  181  14:54  High Templar x2, Zealot x2  
  181  15:00  Stalker  
  181  15:05  Probe  
  164  15:18  Archon  
  142  15:21  Dark Templar  
  142  15:22  Dark Templar  
  104  15:36  High Templar x3  
  104  15:37  High Templar, Zealot  
  104  15:40  Archon  
  104  15:41  Archon x2  
  76  15:55  High Templar  
  76  15:56  High Templar, Zealot  
  68  16:00  Archon  
  60  16:07  Zealot  

Tags
 
Add a new tag
Caveats
  • Supply blocks, unpowered buildings, or Contaminate may cause inaccurate times.
  • Supply counts are checked every 10 seconds.